 Dungeon Crawl Stone Soup version 0.27.1-1-g398f81649c (webtiles) character file.

Game seed: 9748148399408817542

51 Steelgonads the Skirmisher (level 3, 0/33 HPs)
             Began as a Draconian Berserker on Sept 8, 2021.
             Was a Believer of Trog.
             Killed by divine providence
             ... invoked by an orc priest
              (14 damage)
             ... on level 3 of the Dungeon on Sept 9, 2021.
             The game lasted 00:27:38 (2412 turns).

Steelgonads the Skirmisher (Draconian Berserker)    Turns: 2412, Time: 00:27:39

Health: 0/33       AC:  5    Str: 19    XL:     3   Next: 58%
Magic:  3/3        EV: 12    Int:  7    God:    Trog [**....]
Gold:   114        SH:  0    Dex: 11    Spells: 2/2 levels left

rFire    . . .     SeeInvis .   x - +0 war axe (elec)
rCold    . . .     Faith    .   (no shield)
rNeg     . . .     Spirit   .   (armour unavailable)
rPois    .         Reflect  .   (helmet restricted)
rElec    .         Harm     .   (no cloak)
rCorr    .         Rampage  .   (no gloves)
Will     .....                  (no boots)
Stlth    +.........             (no amulet)
HPRegen  0.11/turn              e - ring of wizardry
MPRegen  0.08/turn              (no ring)

@: no status effects
A: AC +5, unfitting armour, cold-blooded
a: Renounce Religion, Berserk, Trog's Hand


You were on level 3 of the Dungeon.
You worshipped Trog.
Trog was pleased with you.
You visited 1 branch of the dungeon, and saw 3 of its levels.

You collected 114 gold pieces.

Inventory:

Hand Weapons
 h - a +0 falchion
 i - a +0 quarterstaff
 j - a +1 whip of venom
 m - a +3 dagger
 x - a +0 war axe of electrocution (weapon)
Missiles
 c - 64 stones (quivered)
 l - 18 bolts
Armour
 r - a +0 ring mail
 t - a +0 plate armour
 w - a +0 scale mail
 y - a +0 chain mail
Jewellery
 e - a ring of wizardry (left hand)
Scrolls
 f - 2 scrolls of enchant weapon {unknown}
 p - a scroll of blinking {unknown}
 q - 4 scrolls of identify {unknown}
 s - a scroll of teleportation {unknown}
 u - a scroll of amnesia {unknown}
Potions
 d - a potion of invisibility {unknown}
 g - 2 potions of mutation {unknown}
 n - a potion of might {unknown}
 v - a potion of degeneration {unknown}


   Skills:
 + Level 3.8 Fighting
 - Level 3.2(3.4) Axes
 * Level 1.3(2.5) Maces & Flails
 - Level 0.3(2.0) Polearms
 + Level 3.2 Dodging
 + Level 0.4 Stealth


You had 2 spell levels left.
You didn't know any spells.
Your spell library contained the following spells:

 Spells                   Type           Power      Damage    Failure   Level
 Stone Arrow              Conj/Erth      0%         3d7       45%         3
 Lehudib's Crystal Spear  Conj/Erth      0%         10d2      100%        8
 Animate Armour           Summ/Erth      Unusable   N/A       N/A         4

Dungeon Overview and Level Annotations

Branches:
Dungeon (3/15)

Altars:

Shops:
D:1 !![[


Innate Abilities, Weirdness & Mutations

Your plain brown scales are hard. (AC +5)
You cannot fit into any form of body armour.
You are cold-blooded and may be slowed by cold attacks.


Message History

The bat hits you but does no damage.
You closely miss the bat. The bat closely misses you. The bat misses you.
You miss the bat. The bat closely misses you. The bat barely misses you. x2
You closely miss the bat. The bat closely misses you.
The bat hits you but does no damage.
You slash the bat!
You kill the bat!
Trog accepts your kill.
An orc and an orc priest come into view.
The orc shouts!
The orc moves out of view.
A frilled lizard comes into view.
The orc priest shouts!
The frilled lizard hisses angrily.
You hear a shout! x2
An orc comes into view. It is wielding a +0 dagger.
The orc shouts!
The orc priest invokes the aid of Beogh against you.
Pain shoots through your body!
An orc comes into view. It is wielding a +0 club.
Found a chain mail.
The orc shouts!
The orc closely misses you.
A kobold comes into view. It is wielding a +0 club.
An orc priest comes into view. It is wielding a +0 club.
The orc priest shouts!
The frilled lizard barely misses you. The orc closely misses you.
The orc priest closely misses you. The orc misses you.
The orc priest looks satisfied for a moment.
The orc priest mumbles some strange prayers to Beogh against you.
Beogh smites you!
The orc priest looks satisfied for a moment.
The frilled lizard bites you but does no damage.
The orc priest invokes the aid of Beogh against you.
Pain shoots through your body! The frilled lizard barely misses you.
The orc completely misses you.
The frilled lizard bites you but does no damage.
The orc priest invokes the aid of Beogh against you.
Beogh smites you!
You die...

#.#...#
##.#.#.#
#......#
#..##..#
#......#
#..o.#.#
########o#...
........l##.#.#
........@# .# #
.......))# .#
........<# .#
........†#
.........#
..........
.....####.#
..... .# #####
..


You could see an orc priest, an orc and a frilled lizard.

Vanquished Creatures
  2 worms (D:2)
  3 orcs
  2 ball pythons
  5 endoplasms
  2 giant cockroaches (D:1)
  6 goblins
  3 hobgoblins
  4 kobolds
  2 quokkas
  3 bats
  3 frilled lizards (D:1)
  3 rats
38 creatures vanquished.

Notes
Turn   | Place    | Note
-------+----------+-------------------------------------------
     0 | D:1      | Steelgonads the Draconian Berserker began the quest for the
                  | Orb.
     0 | D:1      | Reached XP level 1. HP: 19/19 MP: 1/1
   105 | D:1      | Found Hustrumoo's Distillery.
   442 | D:1      | Reached XP level 2. HP: 26/26 MP: 2/2
   695 | D:1      | Found Marcheof's Antique Armour Shop.
   721 | D:1      | Found Sesum's Antique Armour Emporium.
  1127 | D:1      | Found Ocheluc's Distillery.
  1472 | D:2      | Reached skill level 1 in Maces & Flails
  1472 | D:2      | Reached XP level 3. HP: 20/33 MP: 3/3
  1529 | D:2      | Reached ** piety under Trog
  2412 | D:3      | Killed from afar by an orc priest

Illustrated notes

Levels and vault maps discovered:
D:1:      ebering_trefoil_twist, layout_basic, serial_shops, shop, shop,
          shop_fountains, nicolae_lakefront_shop,
          chequers_serial_rivers_micro_c, minmay_tetromino_i2
D:2:      minmay_door_path, layout_loops_ring
D:3:      layout_basic, trog_wizard

Skill      XL: |  1  2 |
---------------+-------+-----
Dodging        | 3 |  3.2
Maces & Flails | 1 |  1.3
Fighting       | |  3.8
Axes           | |  3.2
Polearms       | |  0.3
Stealth        | |  0.4

Action                   || total
-------------------------++-------
Melee: Hand axe          ||    22
       Tailslap          ||     2
       Quarterstaff      ||    49
       Whip              ||     7
       War axe           ||     8
Armor: Skin              ||    26
Dodge: Dodged            ||    66
